 Dungeon Crawl Stone Soup version 0.31.0-11-ge490571c62 (webtiles) character file.

Game seed: 7617188221168563884

25 qw the Shooter (level 2, -1/16 HPs)
             Began as a Deep Elf Hunter on Feb 3, 2024.
             Succumbed to their own poison gas
             ... on level 1 of the Dungeon.
             The game lasted 00:00:02 (520 turns).

qw the Shooter (Deep Elf Hunter)                     Turns: 520, Time: 00:00:02

Health: -1/16      AC:  3    Str:  8    XL:     2   Next: 82%
Magic:  4/4        EV: 12    Int: 13    God:
Gold:   59         SH:  0    Dex: 18    Spells: 1/1 levels left

rFire   . . .        a - +0 shortbow
rCold   . . .        (shield currently unavailable)
rNeg    . . .        c - +0 leather armour
rPois   .            (no helmet)
rElec   .            (no cloak)
rCorr   .            (no gloves)
SInv    .            (no boots)
Will    .....        (no amulet)
Stlth   ++           (no ring)
HPRegen 0.22/turn    (no ring)
MPRegen 0.09/turn

%: no passive effects
@: lethally poisoned (-1 -> -11)
A: no striking features
a: no special abilities


You were on level 1 of the Dungeon.
You visited 1 branch of the dungeon, and saw 1 of its levels.

You collected 59 gold pieces.


   Skills:
 - Level 1.5 Fighting
 + Level 6.5 Ranged Weapons
 - Level 2.4 Dodging
 - Level 1.2 Stealth


You had one spell level left.
You didn't know any spells.
Your spell library was empty.

Inventory:

Hand Weapons
 a - a +0 shortbow (weapon)
Armour
 c - a +0 leather armour (worn)
Potions
 d - a potion of cancellation {unknown}
 e - a potion of curing {unknown}
 i - a potion of enlightenment {unknown}

Dungeon Overview and Level Annotations

Branches:
Dungeon (1/15)

Altars:


Message History

You feel strangely unstable.
It was a scroll of teleportation.
You start waiting.
Your surroundings suddenly seem different.
Done exploring.
415 ||| READING scroll labelled XICYSHRE OWUG.
As you read the scroll labelled XICYSHRE OWUG, it crumbles to dust.
A profound silence engulfs you.
It was a scroll of silence.
You start waiting.
Your hearing returns.
Done waiting.
Done exploring.
516 ||| READING scroll labelled JUYKOTA QYXOE.
The air fills with toxic fumes!
As you read the scroll labelled JUYKOTA QYXOE, it crumbles to dust.
It was a scroll of poison.
Done exploring.
517 ||| DROPPING scroll of butterflies.
You drop a scroll of butterflies.
Done exploring.
What level of the Dungeon? (default 1, ? - help) Sorry, I don't know how to get there.
Enter note:
Enter note:
Enter note:
Enter note:
Enter note:
Enter note:
Enter note:
Enter note:
Enter note:
Enter note:
Enter note:
Enter note: You are engulfed in poison gas.
You are lethally poisoned!
Ouch! That really hurt!
You feel very sick.
519 ||| Stepping ~*~*~tactically~*~*~ (cloud).
You feel very sick.
You see here a scroll of butterflies.
There is a lethal amount of poison in your body!
You die...

############ ####
#.¤¤¤¤¤¤¤¤¤# ...#
#.¤¤¤¤¤¤¤¤¤# ...#
#.¤¤¤¤¤¤¤¤¤# ...#
#.¤¤¤¤¤¤¤@¤#
#####
####¤##¤####
####### ....#
#..##.## #......
....# #.###..###
#.##... ....# #.#
##...#### #.##...
....## ##.#
###....# #.##.#.
.....# #..#
####.######.##...
.....## #.##
#...%....##...
###...###.#
###.#######.#.


There were no monsters in sight!

Vanquished Creatures
  A bat (D:1)
  4 endoplasms (D:1)
  A giant cockroach (D:1)
  4 hobgoblins (D:1)
  3 jackals (D:1)
  A quokka (D:1)
  2 ball pythons (D:1)
  A frilled lizard (D:1)
  A kobold (D:1)
  4 rats (D:1)
22 creatures vanquished.

Notes
Turn   | Place    | Note
-------+----------+-------------------------------------------
     0 | D:1      | qw the Deep Elf Hunter began the quest for the Orb.
     0 | D:1      | Reached XP level 1. HP: 12/12 MP: 3/3
     0 | D:1      | 0 ||| qw: Version: 0.3-a-157-g843a77d
     0 | D:1      | 0 ||| qw: Game counter: 4005
     0 | D:1      | 0 ||| qw: Melee chars always use a shield: true
     0 | D:1      | 0 ||| qw: God list: Okawaru
     0 | D:1      | 0 ||| qw: Allow faded altars: false
     0 | D:1      | 0 ||| qw: Do Orc after clearing Dungeon:15 true
     0 | D:1      | 0 ||| qw: Do second Lair branch before Depths: true
     0 | D:1      | 0 ||| qw: Lair rune preference: random
     0 | D:1      | 0 ||| qw: Goals: Normal
     0 | D:1      | 0 ||| PLANNING D:1-11
    71 | D:1      | Reached skill level 6 in Ranged Weapons
    71 | D:1      | Reached XP level 2. HP: 16/16 MP: 4/4
   411 | D:1      | 411 ||| READING scroll labelled XUULOV ENUMATE.
   415 | D:1      | 415 ||| READING scroll labelled XICYSHRE OWUG.
   516 | D:1      | 516 ||| READING scroll labelled JUYKOTA QYXOE.
   517 | D:1      | 517 ||| DROPPING scroll of butterflies.
   518 | D:1      | HP: 3/16 [poisoned by you (poison gas)]
   519 | D:1      | 519 ||| Stepping ~*~*~tactically~*~*~ (cloud).
   519 | D:1      | HP: 1/16 [poisoned by you (poison gas)]
   520 | D:1      | Succumbed to their own poison gas

Levels and vault maps discovered:
D:1:      matt_arrival_grand_opening, layout_rooms, columned_hall_lemuel

Skill      XL: |  1 |
---------------+----+-----
Ranged Weapons | 6 |  6.5
Fighting       | |  1.5
Dodging        | |  2.4
Stealth        | |  1.2

Action                     || total
---------------------------++-------
   Fire: Shortbow          ||    47
    Use: Scroll            ||     3
 Armour: Leather armour    ||     1
  Dodge: Dodged            ||     1

Table legend:
 A = Non-vault XP
 B = Vault XP
 C = Vault XP percentage of total XP
 D = Non-vault monster count
 E = Vault monster count
 F = Vault count percentage of total count
                 A         B        C        D         E       F
            +---------+---------+-------+---------+---------+-------
      Total |      36 |       0 |   0.0 |      22 |       0 |   0.0
            +---------+---------+-------+---------+---------+-------
        D:1 |      36 |       0 |   0.0 |      22 |       0 |   0.0
            +---------+---------+-------+---------+---------+-------
